 Dungeon Crawl Stone Soup version 0.28.0-43-g3370ac3207 (webtiles) character file.

Game seed: 10309761963912004146

167 Zeld the Gusty (level 5, -1/28 HPs)
             Began as a Tengu Air Elementalist on Mar 29, 2022.
             Was an Initiate of Vehumet.
             Slain by a hell rat (12 damage)
             ... in a sewer.
             The game lasted 00:04:09 (3642 turns).

Zeld the Gusty (Tengu Air Elementalist)             Turns: 3642, Time: 00:04:10

Health: -1/28      AC:  2    Str:  8    XL:     5   Next: 48%
Magic:  10/10      EV: 15    Int: 17    God:    Vehumet [......]
Gold:   85         SH:  0    Dex: 15    Spells: 0/10 levels left

rFire   x . .      SeeInvis .   a - +9 spear "Detsus" {flame, rElec rPois rF- rC+}
rCold   + . .      Faith    .   (no shield)
rNeg    . . .      Spirit   .   l - +0 robe
rPois   +          Reflect  .   (helmet restricted)
rElec   +          Harm     .   (no cloak)
rCorr   .          Rampage  .   (no gloves)
Will    .....                   (boots unavailable)
Stlth   ++........              (no amulet)
HPRegen 0.09/turn               (no ring)
MPRegen 0.12/turn               (no ring)

@: flying quickly and evasively, quick
A: beak, talons 3, nimble flight
a: Renounce Religion


You were in a sewer.
You worshipped Vehumet.
Vehumet was noncommittal.
You visited 1 branch of the dungeon, and saw 3 of its levels.
You also visited: Sewer.

You collected 85 gold pieces.

Inventory:

Hand Weapons
 a - the +9 spear "Detsus" (weapon) {flame, rElec rPois rF- rC+}
   (You found it on level 2 of the Dungeon)

   It burns those it strikes, dealing additional fire damage.
   rF:        It makes you vulnerable to fire.
   rC:        It protects you from cold.
   rElec:     It insulates you from electricity.
   rPois:     It protects you from poison.
Armour
 l - a +0 robe (worn)
Jewellery
 f - a ring of protection from cold
Scrolls
 b - a scroll of brand weapon
 c - a scroll of teleportation
 d - a scroll of noise {unknown}
 e - a scroll of fog {unknown}
 g - a scroll of enchant weapon
 j - a scroll of holy word {unknown}
Potions
 k - a potion of brilliance {unknown}


   Skills:
 - Level 3.0 Dodging
 + Level 2.7 Stealth
 * Level 3.2 Spellcasting
 + Level 2.6 Conjurations
 * Level 5.6 Air Magic


You couldn't memorise any spells.
You knew the following spells:

 Your Spells              Type           Power      Damage    Failure   Level
a - Shock                 Conj/Air       64%        1d7       3%          1
b - Static Discharge      Conj/Air       16%        N/A       4%          2
c - Swiftness             Air            21%        N/A       4%          3
d - Airstrike             Air            10%        N/A       17%         4

Your spell library contained the following spells:

 Spells                   Type           Power      Damage    Failure   Level
 Tukima's Dance           Hex            2%         N/A       45%         3
 Lightning Bolt           Conj/Air       8%         1d20      65%         5
 Passage of Golubria      Tloc           2%         N/A       86%         4
 Yara's Violent Unravell  Hex/Tmut       1%         3d3       99%         5
 Maxwell's Capacitive Co  Air            10%        ∞         100%        8


Dungeon Overview and Level Annotations

Branches:
Dungeon (3/15)              Sewer (1/1)

Altars:
Dithmenos
Elyvilon
Qazlal
Uskayaw
Vehumet
Wu Jian
The Shining One


Innate Abilities, Weirdness & Mutations

You have a beak for a mouth.
You have claws for feet.
Your magical nature lets you fly swiftly and evasively.


Message History

There are monsters nearby!
There are monsters nearby!
You reach to attack!
The helpless rat fails to defend itself.
You hit the rat. You burn the rat.
You kill the rat!
Vehumet accepts your kill.
A rat is nearby!
A rat is nearby!
You reach to attack!
You hit the rat. You burn the rat.
You kill the rat!
Vehumet accepts your kill.
You see here a rat corpse.
You see here a rat corpse.
You see here a rat corpse.
You reach down and open the door.
A hell rat comes into view.
Found seven items.
Found a gate leading back out of this place.
Unknown command.
The hell rat roars deafeningly!
There is an open door here.
A hell rat is nearby!
A hell rat is nearby!
You reach to attack!
You completely miss the hell rat.
A hell rat is nearby!
You puncture the hell rat! You burn the hell rat.
Your kick misses the hell rat. Your peck misses the hell rat.
The hell rat is severely wounded.
The hell rat bites you!
Ouch! That really hurt!
You are too injured to fight recklessly!
You hit the hell rat but do no damage.
The hell rat is severely wounded.
The hell rat completely misses you.
You are too injured to fight recklessly!
You closely miss the hell rat. You claw the hell rat.
The hell rat is almost dead.
The hell rat bites you!
You die...

###≈.≈###
#≈≈≈...≈#
##..≈≈†..##
#≈≈≈###≈≈.#
##..##.##.≈##
#.≈≈#.≈.#.≈≈#
#.≈##!.≈##†.#
#.≈#!?≈≈.#≈≈#
#∩∩#∩?≈≈r@≈≈#
#≈≈#!?≈≈≈#.≈#
#≈.##!.≈##≈≈#
#≈.≈#.≈.#≈≈.#
##≈≈##.##.≈##
#≈†≈###≈.≈#
##≈≈†≈.†≈##
#≈.≈≈≈≈≈#
###..≈###


You could see a hell rat.

Vanquished Creatures
  Terence (D:2)
  A gnoll (D:2)
  2 adders (D:2)
  2 river rats (Sewer)
  A worm (D:2)
  2 dart slugs (D:2)
  4 bats
  9 endoplasms
  5 giant cockroaches
  10 hobgoblins
  7 jackals
  5 quokkas
  5 ball pythons
  2 frilled lizards (D:1)
  9 goblins
  7 kobolds
  11 rats
83 creatures vanquished.

Notes
Turn   | Place    | Note
-------+----------+-------------------------------------------
     0 | D:1      | Zeld the Tengu Air Elementalist began the quest for the
                  | Orb.
     0 | D:1      | Reached XP level 1. HP: 10/10 MP: 4/4
   519 | D:1      | Reached XP level 2. HP: 14/15 MP: 0/6
  1369 | D:1      | Reached XP level 3. HP: 19/19 MP: 4/7
  1372 | D:1      | Learned a level 2 spell: Static Discharge
  1376 | D:1      | Learned a level 3 spell: Swiftness
  2106 | D:2      | Reached XP level 4. HP: 16/24 MP: 1/9
  2203 | D:2      | Reached skill level 5 in Air Magic
  2455 | D:2      | Found a faded altar of an unknown god.
  2976 | D:2      | Identified the +9 spear "Detsus" {flame, rElec rPois rF-
                  | rC+}
  3129 | D:3      | Noticed Terence
  3138 | D:2      | Killed Terence
  3139 | D:2      | Gained mutation: Your magical nature lets you fly swiftly
                  | and evasively. [Tengu growth]
  3139 | D:2      | Reached XP level 5. HP: 11/28 MP: 8/10
  3373 | D:3      | Found a white marble altar of Elyvilon.
  3374 | D:3      | Found a hide-covered altar of Uskayaw.
  3376 | D:3      | Found a radiant altar of Vehumet.
  3379 | D:3      | Found a shadowy altar of Dithmenos.
  3381 | D:3      | Found an ornate altar of the Wu Jian Council.
  3381 | D:3      | Found a glowing golden altar of the Shining One.
  3382 | D:3      | Found a stormy altar of Qazlal.
  3391 | D:3      | Became a worshipper of Vehumet
  3442 | D:3      | Learned a level 4 spell: Airstrike
  3449 | D:3      | Found a glowing drain.
  3480 | Sewer    | Entered a sewer
  3642 | Sewer    | Slain by a hell rat

Illustrated notes

Levels and vault maps discovered:
D:1:      beargit_arrival_diablo_church, layout_basic
D:2:      cheibrodos_greedy_goblins, layout_loops_ring,
          chequers_ecumenical_altar_simple
D:3:      layout_basic, minitemple, portal_sewer_entry_f,
          uniq_crazy_yiuf_cottage, uniq_natasha, uniq_terence
Sewer:    sewer_hellmonk_bad_rat

Skill      XL: |  1  2  3  4  5 |
---------------+----------------+-----
Conjurations   | 2 |  2.6
Air Magic      | 5 |  5.6
Spellcasting   | 3 |  3.2
Dodging        | 3 |  3.0
Stealth        | |  2.7

Action                   |  1- 3 |  4- 6 || total
-------------------------+-------+-------++-------
Melee: Unarmed           |    17 |       ||    17
       Kick              |     6 |     8 ||    14
       Peck              |     3 |     1 ||     4
       Punch             |     1 |     1 ||     2
       Spear             |       |    45 ||    45
 Cast: Shock             |    88 |    41 ||   129
  Use: Scroll            |       |     4 ||     4
 Stab: Sleeping          |       |     2 ||     2
Armor: Robe              |    14 |     3 ||    17
Dodge: Dodged            |    31 |    22 ||    53
